 Dungeon Crawl Stone Soup version 0.30-a0-883-g5ad918d77d (webtiles) character file.

Game seed: 8209044156752806452

300 Zenkrye the Conjurer (level 6, -4/35 HPs)
             Began as a Kobold Conjurer on Mar 16, 2023.
             Killed by divine providence
             ... invoked by an orc priest
              (14 damage)
             ... on level 4 of the Dungeon.
             The game lasted 00:11:01 (4603 turns).

Zenkrye the Conjurer (Kobold Conjurer)              Turns: 4603, Time: 00:11:02

Health: -4/35      AC:  4    Str:  4    XL:     6   Next: 64%
Magic:  0/10       EV: 15    Int: 22    God:
Gold:   216        SH:  0    Dex: 13    Spells: 1/11 levels left

rFire   . . .      SeeInvis .    d - +0 dagger
rCold   . . .      Faith    .    (no shield)
rNeg    . . .      Spirit   .    a - +0 robe
rPois   +          Reflect  .    h - +1 helmet
rElec   .          Rampage  .    (no cloak)
rCorr   .                        (no gloves)
Will    .....                    (no boots)
Stlth   +++                      (no amulet)
HPRegen 0.25/turn                w - ring of wizardry
MPRegen 0.12/turn                o - ring of poison resistance

@: no status effects
A: small, no large weapons, nightstalker 3
a: no special abilities


You were on level 4 of the Dungeon.
You visited 1 branch of the dungeon, and saw 5 of its levels.

You collected 216 gold pieces.

Inventory:

Hand Weapons
 d - a +0 dagger (weapon)
Missiles
 f - 5 datura-tipped darts
 g - 18 poisoned darts (quivered)
Armour
 a - a +0 robe (worn)
 h - a +1 helmet (worn)
 q - a +0 kite shield
Jewellery
 n - a ring of positive energy
 o - a ring of poison resistance (right hand)
 w - a ring of wizardry (left hand)
Wands
 v - a wand of roots (6)
Scrolls
 e - 2 scrolls of teleportation {@r3}
 i - 2 scrolls of identify {@r1}
 l - a scroll of fog
 r - 2 scrolls of vulnerability
 u - a scroll of fear
 x - a scroll of blinking {unknown}
Potions
 b - a potion of magic
 c - 6 potions of curing {unknown}
 j - 2 potions of invisibility {unknown}
 k - a potion of flight {unknown}
 m - 2 potions of heal wounds {unknown}
 p - a potion of brilliance {unknown}
 s - a potion of lignification {unknown}
 t - 2 potions of ambrosia {unknown}


   Skills:
 + Level 1.9 Fighting
 + Level 3.4 Dodging
 - Level 2.6 Stealth
 + Level 3.2 Spellcasting
 + Level 6.3 Conjurations
 + Level 0.4 Translocations


You had one spell level left.
You knew the following spells:

 Your Spells              Type           Power      Damage    Failure   Level
a - Magic Dart            Conj           100%       1d8       1%          1
b - Searing Ray           Conj           62%        2d6       1%          2
c - Dazzling Flash        Conj/Hex       34%        N/A       4%          3
q - Iskenderun's Mystic   Conj/Tloc      18%        2d6       12%         4

Your spell library contained the following spells:

 Spells                   Type           Power      Damage    Failure   Level
 Necrotise                Necr           12%        1d4       4%          1
 Fulminant Prism          Conj/Hex       8%         3d7       13%         4
 Vampiric Draining        Necr           3%         2d6       16%         3
 Agony                    Necr           3%         N/A       77%         5


Dungeon Overview and Level Annotations

Branches:
Dungeon (5/15)
 Temple: D:4-7

Altars:
Dithmenos
Hepliaklqana
Makhleb
Nemelex Xobeh
Okawaru
Qazlal
Sif Muna
Trog
Uskayaw
The Shining One

Shops:
D:2 !


Innate Abilities, Weirdness & Mutations

You are small and have problems with some larger weapons.
You are completely attuned to the shadows.


Message History

Confirm with . or Enter, or press ? or * to list all spells.
Aiming: Searing Ray (safe; 1% risk of failure)
Press: ? - help, Shift-Dir - straight line, f - orc priest
Aim: an orc priest, wielding a +0 trident and wearing a +0 chain mail (85% to hit)
The searing ray hits the orc priest but does no damage. (Press . to maintain the ray.)
You hear some strange, mumbled words.
A puff of flame appears from out of thin air!
The puff of flame hits you!
The searing ray hits something!
Reactivating autopickup.
You feel a bit more experienced.
The searing ray hits the orc priest but does no damage.
The searing ray hits the orc priest.
The orc priest is moderately wounded.
The orc priest misses you.
The searing ray hits the orc priest.
The orc priest is moderately wounded.
You finish channelling your searing ray.
The orc priest invokes the aid of Beogh against you.
Beogh smites you!
Things that are here:
a +0 club; a goblin corpse The orc priest invokes the aid of Beogh against you.
Beogh smites you!
* * * LOW HITPOINT WARNING * * *
Casting: Searing Ray (safe; 1% risk of failure)
Confirm with . or Enter, or press ? or * to list all spells.
Aiming: Searing Ray (safe; 1% risk of failure)
Press: ? - help, Shift-Dir - straight line, f/p - orc priest
Aim: an orc priest, wielding a +0 trident and wearing a +0 chain mail (lightly wounded, 85% to hit)
The searing ray hits the orc priest but does no damage.
The orc priest is lightly wounded. (Press . to maintain the ray.)
The searing ray hits the orc priest!
The orc priest is severely wounded.
The orc priest closely misses you.
The orc priest invokes the aid of Beogh against you.
Beogh smites you!
You die...

.###### ##...####.#
.# #.>..###.# .#
####.....# )#
#..#### ## #..# #
#..# .### #..##.#
..o) #..##.# ###
#.@##.# #.. #..##.#
#.# #..##.# #.#
#.....###########.#
##.o...........)..#
################.#
###


You could see an orc priest.

Vanquished Creatures
  A hound (D:3)
  An orc priest (D:4)
  Jessica (D:3)
  2 iguanas (D:4)
  2 orc wizards (D:4)
  Robin (D:3)
  2 adders
  A shadow imp (D:5)
  An ufetubus (D:2)
  3 worms
  3 dart slugs
  5 orcs
  3 bats
  3 endoplasms
  2 giant cockroaches
  10 goblins
  7 hobgoblins
  3 jackals (D:4)
  2 kobolds (D:1)
  A quokka (D:4)
  4 ball pythons
  A frilled lizard (D:1)
  3 rats
62 creatures vanquished.

Notes
Turn   | Place    | Note
-------+----------+-------------------------------------------
     0 | D:1      | Zenkrye the Kobold Conjurer began the quest for the Orb.
     0 | D:1      | Reached XP level 1. HP: 10/10 MP: 3/3
   141 | D:1      | Reached XP level 2. HP: 15/15 MP: 0/5
   611 | D:1      | Learned a level 2 spell: Searing Ray
   962 | D:2      | Found Wiase's Distillery.
  1029 | D:2      | Reached XP level 3. HP: 19/19 MP: 2/7
  1244 | D:2      | Learned a level 3 spell: Dazzling Flash
  1511 | D:2      | Found a stormy altar of Qazlal.
  1890 | D:3      | Noticed Robin
  1900 | D:3      | Killed Robin
  1901 | D:3      | Reached skill level 5 in Conjurations
  1901 | D:3      | Reached XP level 4. HP: 24/24 MP: 1/8
  2055 | D:3      | You fall into a shaft and drop 2 floors!
  2055 | D:5      | Entered Level 5 of the Dungeon
  2293 | D:5      | Noticed a water moccasin
  2431 | D:4      | Reached XP level 5. HP: 19/28 MP: 1/9
  2434 | D:4      | Reached skill level 6 in Conjurations
  2524 | D:4      | Learned a level 4 spell: Iskenderun's Mystic Blast
  2758 | D:3      | Found an iron altar of Okawaru.
  2887 | D:3      | Found a sparkling altar of Nemelex Xobeh.
  2895 | D:3      | Found a hazy altar of Hepliaklqana.
  2897 | D:3      | Found a shimmering blue altar of Sif Muna.
  2902 | D:3      | Found a burning altar of Makhleb.
  2903 | D:3      | Found a glowing golden altar of the Shining One.
  2904 | D:3      | Found a bloodstained altar of Trog.
  3241 | D:3      | Reached skill level 1 in Fighting
  3325 | D:3      | Noticed Jessica
  3328 | D:3      | Killed Jessica
  3329 | D:3      | Reached XP level 6. HP: 33/34 MP: 5/10
  4107 | D:4      | Noticed an ice beast
  4147 | D:4      | Found a shadowy altar of Dithmenos.
  4405 | D:4      | Found a hide-covered altar of Uskayaw.
  4603 | D:4      | Killed from afar by an orc priest

Illustrated notes

Levels and vault maps discovered:
D:1:      dpeg_arrival_rooms_a, layout_loops_ring
D:2:      layout_loops_ring, serial_shops, nicolae_shop_waterfront, basic_altar,
          amcnicky_mini_pool_small, minmay_misc_feat_doors,
          minmay_misc_feat_room
D:3:      layout_basic, grunt_temple_overflow_open, gup_sewer_entry_glass,
          moated_statue, uniq_jessica, uniq_robin
D:4:      layout_basic, grunt_dithmenos_smoke_and_mirrors,
          mainiacjoe_overflow_alcove_2, serial_shops,
          nicolae_shop_window_shopping, minmay_between
D:5:      layout_basic, mainiacjoe_overflow_six_doors_small

Skill      XL: |  1  2  3  4  5 |
---------------+----------------+-----
Spellcasting   | 3 |  3.2
Conjurations   | 5 6 |  6.3
Fighting       | 1 |  1.9
Dodging        | 3 |  3.4
Stealth        | |  2.6
Translocations | |  0.4

Action                     |  1- 3 |  4- 6 || total
---------------------------+-------+-------++-------
  Melee: Dagger            |     3 |    21 ||    24
  Throw: Dart              |       |     1 ||     1
   Cast: Magic Dart        |    48 |    49 ||    97
         Searing Ray       |     1 |    21 ||    22
         Iskenderun's Myst |       |     2 ||     2
    Use: Scroll            |     5 |     1 ||     6
         Potion            |       |     1 ||     1
 Armour: Robe              |     2 |     8 ||    10
  Dodge: Dodged            |     3 |    27 ||    30

Table legend: (Time is in decaauts)
 A = Elapsed time spent in this place.
 B = Non-inter-level travel time spent in this place.
 C = Inter-level travel time spent in this place.
 D = Time resting spent in this place.
 E = Time spent auto-exploring this place.
 F = Levels seen in this place.
 G = Mean time per level.
                   A        B        C        D        E       F      G
               +--------+--------+--------+--------+--------+-----+--------+
         Total |   4602 |   4494 |    108 |    310 |   3586 |   5 |  920.4 |
       Dungeon |   4602 |   4494 |    108 |    310 |   3586 |   5 |  920.4 |
               +--------+--------+--------+--------+--------+-----+--------+

Top non-repeatable levels by time:
     D:4: 1232 daAuts
     D:3: 1137 daAuts
     D:2: 1044 daAuts
     D:1: 887 daAuts
     D:5: 301 daAuts
